 Dungeon Crawl Stone Soup version 0.29-a0-119-g4040846114 (webtiles) character file.

Game seed: 7053746636393501655

197171 ravioli the Slayer (level 17, 88/178 HPs)
             Began as a Minotaur Fighter on Feb 19, 2022.
             Was a High Priest of Okawaru.
             Quit the game on level 2 of the Abyss on Feb 20, 2022.
             The game lasted 02:34:27 (85543 turns).

ravioli the Slayer (Minotaur Fighter)              Turns: 85543, Time: 02:34:27

Health: 88/178     AC: 18    Str: 25    XL:     17   Next: 77%
Magic:  21/21      EV: 15    Int:  7    God:    Okawaru [*****.]
Gold:   2136       SH:  7    Dex: 12    Spells: 16/16 levels left

rFire   + . .      SeeInvis +   C - +4 broad axe (flame)
rCold   . . .      Faith    +   c - +0 buckler
rNeg    . . .      Spirit   .   v - +3 leather armour "Ykhad" {Drain rPois rCorr}
rPois   +          Reflect  .   S - +1 hat
rElec   .          Harm     .   b - +1 cloak {Stlth+}
rCorr   +          Rampage  .   r - +1 pair of gloves {hurl}
Will    +....                   X - +2 pair of boots {Fly}
Stlth   +++.......              O - amulet of faith
HPRegen 0.39/turn               x - ring of see invisible
MPRegen 0.17/turn               d - ring of protection from fire

@: flying
A: horns 2, retaliatory headbutt
}: 1/15 runes: gossamer
a: Renounce Religion, Heroism, Finesse, Duel


You were on level 2 of the Abyss.
You worshipped Okawaru.
Okawaru was extremely pleased with you.
You visited 6 branches of the dungeon, and saw 32 of its levels.
You visited the Abyss 1 time.

You collected 4075 gold pieces.
You spent 1939 gold pieces at shops.

Inventory:

Hand Weapons
 C - a +4 broad axe of flaming (weapon)
 T - a +2 war axe of venom
Missiles
 N - 6 javelins (quivered)
Armour
 b - a +1 cloak of stealth (worn)
 c - a +0 buckler (worn)
 r - a +1 pair of gloves of hurling (worn)
 v - the +3 leather armour "Ykhad" (worn) {Drain rPois rCorr}
   (You took it off a wight on level 9 of the Dungeon)

   rPois:     It protects you from poison.
   rCorr:     It protects you from acid and corrosion.
   Drain:     It drains your maximum health when unequipped.
 D - a +2 pair of boots of stealth
 H - the +11 plate armour of the Cooper {-Cast rF- Dex+6}
   (You bought it in a shop on level 2 of the Orcish Mines)

   Dex:       It affects your dexterity (+6).
   rF:        It makes you vulnerable to fire.
   -Cast:     It prevents spellcasting.
 S - a +1 hat (worn)
 U - a +0 plate armour
 X - a +2 pair of boots of flying (worn)
Jewellery
 a - a ring of positive energy
 d - a ring of protection from fire (right hand)
 i - a +4 ring of protection
 x - a ring of see invisible (left hand)
 O - an amulet of faith (around neck)
Wands
 t - a wand of charming (9)
 y - a wand of digging (10)
 B - a wand of mindburst (18)
 M - a wand of iceblast (4)
 Q - a wand of paralysis (17)
 W - a wand of acid (4)
 Z - a wand of flame (20)
Scrolls
 e - 8 scrolls of fog
 g - a scroll of torment
 h - 6 scrolls of immolation
 j - a scroll of amnesia
 k - 3 scrolls of enchant weapon
 l - a scroll of identify
 p - 5 scrolls of fear
 s - 10 scrolls of teleportation
 w - 6 scrolls of blinking
 A - 5 scrolls of vulnerability
 I - 2 scrolls of holy word
 L - 2 scrolls of silence
 P - 7 scrolls of noise
 R - 3 scrolls of enchant armour
 Y - 5 scrolls of magic mapping
Potions
 f - 4 potions of heal wounds
 m - 6 potions of mutation
 n - 16 potions of curing
 o - 14 potions of ambrosia
 u - a potion of might
 z - 2 potions of cancellation
 F - 5 potions of haste
 G - 2 potions of magic
 J - 6 potions of attraction
 K - a potion of resistance
 V - 4 potions of lignification


   Skills:
 * Level 22.5 Fighting
 + Level 19.7 Axes
 * Level 5.6 Throwing
 + Level 16.0 Armour
 + Level 9.0 Dodging
 + Level 4.1 Stealth
 + Level 12.7 Shields
 * Level 7.8 Invocations
 + Level 1.3 Evocations


You had 16 spell levels left.
You didn't know any spells.
Your spell library contained the following spells:

 Spells                   Type           Power      Damage    Failure   Level
 Beastly Appendage        Tmut           0%         N/A       52%         1
 Magic Dart               Conj           0%         1d3       52%         1
 Sandblast                Erth           0%         2d4       52%         1
 Blink                    Tloc           0%         N/A       65%         2
 Passwall                 Tmut/Erth      0%         N/A       65%         2
 Sublimation of Blood     Necr           0%         N/A       65%         2
 Wereblood                Tmut           0%         N/A       65%         2
 Dazzling Flash           Conj/Hex       0%         N/A       87%         3
 Ignite Poison            Fire/Tmut/Pois 0%         N/A       87%         3
 Inner Flame              Hex/Fire       0%         N/A       87%         3
 Mephitic Cloud           Conj/Pois/Air  0%         N/A       87%         3
 Spider Form              Tmut/Pois      0%         N/A       87%         3
 Stone Arrow              Conj/Erth      0%         3d7       87%         3
 Cause Fear               Hex            0%         N/A       99%         4
 Iskenderun's Mystic Bla  Conj/Tloc      0%         2d3       99%         4
 Olgreb's Toxic Radiance  Pois           0%         N/A       99%         4
 Blade Hands              Tmut           0%         N/A       100%        5
 Fireball                 Conj/Fire      0%         3d3       100%        5
 Freezing Cloud           Conj/Ice/Air   0%         6-21      100%        5
 Iskenderun's Battlesphe  Conj           0%         2d6       100%        5
 Manifold Assault         Tloc           0%         N/A       100%        5
 Conjure Ball Lightning   Conj/Air       0%         3x3d6     100%        6
 Eringya's Noxious Bog    Tmut/Pois      0%         N/A       100%        6
 Iron Shot                Conj/Erth      0%         9d1       100%        6
 Starburst                Conj/Fire      0%         6d3       100%        6
 Dragon Form              Tmut           0%         N/A       100%        7
 Orb of Destruction       Conj           0%         9d5       100%        7
 Ozocubu's Refrigeration  Ice            0%         4d5       100%        7
 Storm Form               Tmut/Air       0%         N/A       100%        7
 Discord                  Hex            0%         N/A       100%        8
 Ignition                 Fire           0%         3d3       100%        8
 Lehudib's Crystal Spear  Conj/Erth      0%         10d2      100%        8
 Necromutation            Tmut/Necr      0%         N/A       100%        8
 Call Imp                 Summ           Unusable   N/A       N/A         2
 Summon Guardian Golem    Hex/Summ       Unusable   N/A       N/A         3
 Animate Armour           Summ/Erth      Unusable   N/A       N/A         4
 Summon Forest            Summ/Tloc      Unusable   N/A       N/A         5
 Spellforged Servitor     Conj/Summ      Unusable   N/A       N/A         7
 Summon Hydra             Summ           Unusable   N/A       N/A         7

Dungeon Overview and Level Annotations

Branches:
Dungeon (15/15)            Temple (1/1) D:4            Lair (6/6) D:11
  Swamp (4/4) Lair:4       Spider (4/4) Lair:4        Slime (0/5) Lair:6
    Orc (2/2) D:11            Elf (0/3) Orc:2        Vaults (0/5) D:14
 Depths (0/4) D:15

Altars:
Ashenzari
Cheibriados
Dithmenos
Elyvilon
Fedhas
Gozag
Kikubaaqudgha
Makhleb
Nemelex Xobeh
Okawaru
Qazlal
Ru
Sif Muna
Trog
Uskayaw
Vehumet
Wu Jian
Xom
Yredelemnul
Zin
The Shining One
Beogh
Jiyva

Shops:
D:11 (   Orc:1 ?   Orc:2 *[=(

Annotations:
D:4 2 runed translucent doors, muata's ghost, novice GnCA
D:14 1 runed translucent door
Spider:3 2 transporters, Efeguoh's ghost, adept SpEn


Innate Abilities, Weirdness & Mutations

You have a pair of horns on your head.
You reflexively headbutt those who attack you in melee.


Message History

The spatial maelstrom hits you but does no damage.
You slash the spatial maelstrom! You burn the spatial maelstrom.
The spatial maelstrom is severely damaged.
The spatial maelstrom hits you. Space warps around you.
The spatial maelstrom barely misses you.
The reaper hits you from afar with a +1 scythe of protection!
You slice the spatial maelstrom!! You headbutt the spatial maelstrom.
You destroy the spatial maelstrom!
That felt strangely unrewarding.
The reaper hits you from afar with a +1 scythe of protection!
Unknown command.
You gain the combat prowess of a mighty hero.
The ynoxinul gestures.
You block the reaper's attack.
You can now deal lightning-fast blows.
The ufetubus barely misses you. The ufetubus completely misses you.
You block the reaper's attack.
You barely miss the ufetubus. You headbutt the ufetubus.
You kill the ufetubus!
The ufetubus disappears in a puff of smoke!
You are suddenly pulled into a different region of the Abyss!
You start resting.
Your hands slow down.
You feel like a meek peon again. 3 raiju come into view.
Found a gateway leading deeper into the Abyss.
The raiju barks! x3; You hear a roar!
A large abomination comes into view.
The raiju bursts into living lightning!
The living lightning hits the raiju.
The raiju completely resists.
The living lightning hits you but does no damage.
The raiju blinks!
The raiju closely misses you. You block the raiju's attack.
A titan zombie comes into view.
The raiju bursts into living lightning!
The living lightning hits you!!
The raiju blinks! x2
The raiju bursts into living lightning!
The living lightning hits you!
The raiju blinks!
Are you sure you want to abandon this character and quit the game? (Confirm with "yes".)

#. ## #.##. ##. . #
#...# #. ##### ≈ #
...###.§###..#..#..≈
#≈≈≈..#≈≈.##≈≈≈#≈##≈ .
###≈≈#..≈≈.#≈≈.≈≈≈≈≈.
≈.## #≈♣...≈≈..≈@.h#
≈#≈≈≈≈≈h≈≈.Z≈.≈≈≈..#
≈≈≈.≈≈≈≈≈...≈≈≈≈....#
§ .#X≈≈≈≈≈.#.≈≈#...#.#
#
.≈≈≈≈≈≈.#...##..#...#
#.#.#..#..##.#...#.###
##.#.#.#...##...## .
#.#. #......#.#. ##
#.#..##. ..##.


You could see a raiju and a titan zombie.

Vanquished Creatures
  Saint Roka (Orc:2)
  An acid blob (Spider:4)
  The ghost of IEatYoBabies the Eclecticist, an adept DjFE of Ashenzari (Spider:1)
  2 fenstrider witches
  Agnes (D:14)
  4 emperor scorpions
  Aizul (Spider:1)
  3 ghost moths (Spider:4)
  2 green draconians (Swamp:3)
  4 entropy weavers
  2 eleionomae (Swamp:3)
  4 bunyips
  2 spark wasps
  Snorg (Lair:3)
  Josephine (D:13)
  A shambling mangrove (Swamp:4)
  An ogre mage (D:14)
  3 ghost crabs
  3 jorogumos
  9 hydras
  Erica (D:8)
  3 radroaches
  5 boulder beetles
  11 two-headed ogres
  7 alligators
  2 centaur warriors
  A tengu warrior (D:14)
  An orc high priest (Orc:2)
  5 death scarabs (Spider:4)
  A death yak (Lair:6)
  Nergalle (Orc:2)
  7 skeletal warriors
  2 sun moths
  13 pharaoh ants
  A spatial maelstrom (Abyss:2)
  4 goliath frogs
  A bog body (Swamp:2)
  A flayed ghost (D:15)
  2 spriggan druids
  A golden dragon zombie (D:15)
  5 steelbarb worms
  5 orb spiders
  5 swamp dragons
  Pikel (D:9)
  A broodmother zombie (Spider:4)
  A golden dragon skeleton (D:15)
  4 deep elf pyromancers
  3 necromancers
  2 spectral wolf spiders (Spider:4)
  5 orc knights
  2 cyclopes
  2 will-o-the-wisps (Swamp:3)
  18 wolf spiders
  10 ugly things
  An oklob plant (Spider:4)
  4 orc sorcerers
  5 manticores
  A fire giant zombie (D:15)
  4 moths of wrath
  4 black mambas
  27 elephants
  Joseph (D:7)
  A gargoyle (D:9)
  4 torpor snails
  2 unseen horrors
  15 cane toads
  Maggie (D:7)
  4 yaktaurs (D:13)
  4 spectral redbacks (Spider:4)
  6 demonic crawlers
  2 rime drakes
  11 komodo dragons
  2 tengu conjurers
  An efreet (D:9)
  4 polar bears (Lair:6)
  A queen bee (Lair:6)
  2 trolls
  9 meliai
  2 spectral culicivoras (Spider:4)
  A troll (shapeshifter) (D:11)
  10 tyrant leeches
  12 tarantellas
  18 hornets
  6 slime creatures (D:15)
  4 spectral jumping spiders (Spider:4)
  Grinder (D:4)
  3 spectral tarantellas (Spider:4)
  7 dream sheep
  3 blink frogs (Lair:6)
  A culicivora zombie (Spider:4)
  A jumping spider zombie (Spider:4)
  31 jumping spiders
  7 wraiths
  17 culicivoras
  27 spriggans
  2 wyverns
  36 yaks
  3 basilisks
  A steam dragon (shapeshifter) (D:10)
  A steam dragon (D:10)
  25 redbacks
  Menkaure (D:4)
  13 vampire mosquitoes
  4 wargs
  6 acid dragons
  14 swamp worms
  A human zombie (D:15)
  Duvessa (D:7)
  7 water moccasins
  3 sky beasts
  2 hornet zombies
  29 orc warriors
  6 swamp drakes
  A small abomination (Abyss:2)
  13 boggarts
  6 black bears
  8 ogres
  14 wolves
  2 necrophages (D:4)
  9 centaurs
  A phantom (D:7)
  A lemure (D:9)
  2 kobold brigands (D:10)
  17 bullfrogs
  10 scorpions
  A water moccasin zombie (D:5)
  A wyvern skeleton (D:5)
  Dowan (D:7)
  28 killer bees
  11 wights
  3 howler monkeys
  4 centaur zombies
  A crimson imp (D:8)
  A centaur skeleton (D:5)
  5 hounds
  A gnoll shaman (D:9)
  17 orc priests
  2 bullfrog skeletons (D:7)
  Jessica (D:2)
  2 iguanas
  32 orc wizards
  11 hell rats
  A hound zombie (D:5)
  4 hound skeletons
  2 howler monkey zombies (D:9)
  Robin (D:4)
  4 gnolls (D:9)
  A howler monkey skeleton (D:7)
  6 adders
  2 ufetubi
  3 worms
  5 dart slugs
  82 orcs
  6 ball pythons
  2 bats (D:2)
  10 endoplasms
  5 giant cockroaches
  19 goblins
  3 hobgoblins
  8 jackals
  4 quokkas
  3 frilled lizards
  15 kobolds
  3 rats
998 creatures vanquished.

Vanquished Creatures (others)
  A hydra (Swamp:1)
  A will-o-the-wisp (Swamp:4)
  A bloated husk (Swamp:3)
  An acid dragon (D:9)
  A swamp worm (Swamp:1)
  A water moccasin (D:9)
  An ogre (D:7)
  A bullfrog (D:7)
  A scorpion (D:7)
  5 orc wizards
  A howler monkey zombie (D:9)
  3 orcs (D:7)
  8 foxfires (Swamp:3)
  46 fungi
  44 plants
  3 withered plants (D:15)
119 creatures vanquished.

Grand Total: 1117 creatures vanquished

Notes
Turn   | Place    | Note
-------+----------+-------------------------------------------
     0 | D:1      | ravioli the Minotaur Fighter began the quest for the Orb.
     0 | D:1      | Reached XP level 1. HP: 19/19 MP: 0/0
   523 | D:1      | Reached XP level 2. HP: 24/27 MP: 1/1
   528 | D:1      | Found a faded altar of an unknown god.
   904 | D:1      | Reached skill level 4 in Fighting
  1166 | D:2      | Reached XP level 3. HP: 33/33 MP: 2/2
  1442 | D:2      | Reached XP level 4. HP: 30/40 MP: 3/3
  1631 | D:2      | Noticed Jessica
  1638 | D:2      | Killed Jessica
  1639 | D:2      | Reached skill level 1 in Dodging
  2374 | D:3      | Reached XP level 5. HP: 45/46 MP: 4/4
  2750 | D:3      | Found a shadowy altar of Dithmenos.
  2841 | D:3      | Found a sparkling altar of Nemelex Xobeh.
  3314 | D:4      | Reached skill level 5 in Axes
  3536 | D:4      | Noticed a necrophage
  3542 | D:4      | Killed a necrophage
  3543 | D:4      | Reached skill level 5 in Armour
  3543 | D:4      | Reached XP level 6. HP: 53/53 MP: 5/5
  3974 | D:4      | Noticed Robin
  3998 | D:4      | Killed Robin
  4166 | D:4      | Reached skill level 5 in Fighting
  4249 | D:4      | Found a runed translucent door.
  4251 | D:4      | Noticed muata's ghost (novice GnCA)
  4287 | D:4      | Found a staircase to the Ecumenical Temple.
  4327 | D:4      | Found a runed translucent door.
  4637 | D:4      | Reached XP level 7. HP: 54/61 MP: 6/6
  4837 | D:4      | Noticed Menkaure
  4841 | D:4      | Noticed Grinder
  4849 | D:4      | Killed Menkaure
  4856 | D:4      | Paralysed by Grinder for 4 turns
  4863 | D:4      | Paralysed by Grinder for 7 turns
  4880 | D:4      | Killed Grinder
  4881 | D:4      | Reached skill level 6 in Fighting
  5366 | D:5      | Entered Level 5 of the Dungeon
  5473 | D:5      | Reached skill level 5 in Shields
  5473 | D:5      | Reached XP level 8. HP: 45/70 MP: 7/7
  5959 | Temple   | Entered the Ecumenical Temple
  6018 | Temple   | Became a worshipper of Warmaster Okawaru
  6959 | D:5      | Found a stormy altar of Qazlal.
  7492 | D:5      | Reached skill level 7 in Fighting
  8104 | D:6      | Reached * piety under Okawaru
  8373 | D:6      | Found a sacrificial altar of Ru.
  8459 | D:6      | Found a snail-covered altar of Cheibriados.
  8477 | D:6      | Reached XP level 9. HP: 16/79 MP: 8/8
  9653 | D:7      | Noticed Dowan
  9653 | D:7      | Noticed Duvessa
  9664 | D:7      | Killed Duvessa
  9665 | D:7      | Reached skill level 10 in Axes
  9668 | D:7      | Killed Dowan
 10137 | D:7      | Noticed Maggie
 10159 | D:7      | Reached skill level 8 in Fighting
 10162 | D:7      | Killed Maggie
 10162 | D:7      | Reached ** piety under Okawaru
 10725 | D:7      | Found a shimmering altar of Xom.
 10764 | D:7      | Found Hipoggac's Weapon Shop.
 11091 | D:7      | Noticed Joseph
 11107 | D:7      | Killed Joseph
 11108 | D:7      | Reached skill level 9 in Fighting
 11822 | D:7      | Reached XP level 10. HP: 91/91 MP: 9/9
 12818 | D:8      | Found a burning altar of Makhleb.
 12884 | D:8      | Noticed Erica
 12899 | D:8      | Killed Erica
 12900 | D:8      | Reached skill level 10 in Fighting
 13200 | D:8      | Reached *** piety under Okawaru
 13772 | D:9      | Noticed a deep elf pyromancer
 13772 | D:9      | Noticed a two-headed ogre
 13772 | D:9      | Noticed a cyclops
 13772 | D:9      | Noticed a two-headed ogre
 14501 | D:10     | Entered Level 10 of the Dungeon
 14502 | D:10     | Noticed a red ugly thing
 14517 | D:10     | Killed a red ugly thing
 15673 | D:11     | Noticed an orc knight
 16226 | D:11     | Reached **** piety under Okawaru
 16236 | D:11     | Reached skill level 11 in Fighting
 16236 | D:11     | Reached XP level 11. HP: 102/102 MP: 10/10
 16715 | D:11     | Noticed a centaur warrior
 17333 | D:9      | Identified the +4 short sword of Anuggody {drain, Str+2}
 17359 | D:9      | Killed a deep elf pyromancer
 17548 | D:9      | Killed a two-headed ogre
 17583 | D:9      | Noticed Pikel
 17608 | D:9      | Killed Pikel
 17685 | D:9      | Identified the +3 leather armour "Ykhad" {Drain rPois
                  | rCorr}
 17713 | D:9      | Noticed a boulder beetle
 17737 | D:9      | Killed a boulder beetle
 17738 | D:9      | Reached skill level 10 in Armour
 17968 | D:9      | Reached ***** piety under Okawaru
 18483 | D:9      | Got the Papyrus of Shape Shifting
 18734 | D:9      | Noticed a two-headed ogre
 18743 | D:9      | Killed a two-headed ogre
 18744 | D:9      | Reached skill level 12 in Fighting
 18856 | D:9      | Killed a two-headed ogre
 18978 | D:9      | Reached skill level 1 in Evocations
 19254 | D:9      | Noticed a deep elf pyromancer
 19260 | D:9      | Killed a deep elf pyromancer
 19261 | D:9      | Reached skill level 1 in Invocations
 19438 | D:9      | Identified the +1 robe "Osureod" {rElec Dex+4}
 19733 | D:9      | Received a gift from Okawaru
 21113 | D:11     | Killed a centaur warrior
 21114 | D:11     | Reached XP level 12. HP: 61/113 MP: 3/12
 21312 | D:11     | Found a staircase to the Orcish Mines.
 21341 | D:11     | Reached skill level 5 in Dodging
 21675 | D:11     | Reached skill level 13 in Fighting
 22228 | D:11     | Found Jopheyck's Weapon Emporium.
 22311 | D:11     | Found a staircase to the Lair.
 22325 | D:11     | Reached skill level 15 in Axes
 23109 | Lair:1   | Entered Level 1 of the Lair of Beasts
 24117 | Lair:1   | Noticed a seven-headed hydra
 24413 | D:11     | Killed a four-headed hydra
 25036 | Lair:1   | Noticed a seven-headed hydra
 25044 | Lair:1   | Killed a three-headed hydra
 25387 | Lair:1   | Reached skill level 14 in Fighting
 26241 | Lair:2   | Noticed a seven-headed hydra
 26249 | Lair:2   | Killed a four-headed hydra
 26249 | Lair:2   | Received a gift from Okawaru
 26505 | Lair:2   | Noticed a seven-headed hydra
 26523 | Lair:2   | Killed a two-headed hydra
 27819 | Lair:3   | Reached XP level 13. HP: 98/125 MP: 10/13
 27830 | Lair:3   | Reached skill level 15 in Fighting
 27965 | Lair:3   | Noticed Snorg
 27975 | Lair:3   | Killed Snorg
 28527 | Lair:3   | Reached ****** piety under Okawaru
 29801 | Lair:4   | Identified the +2 buckler of the Storm King {Fly rElec rN+
                  | Int-4} (Okawaru gifted it to you on level 4 of the Lair of
                  | Beasts)
 29801 | Lair:4   | Received a gift from Okawaru
 30068 | Lair:4   | Found a hole to the Spider Nest.
 30486 | Lair:4   | Reached skill level 16 in Fighting
 30767 | Lair:4   | Found a staircase to the Swamp.
 31192 | Lair:4   | Identified the +6 hand crossbow "Demon's Death Toll"
                  | {penet, Fragile rElec rN++}
 33015 | Orc:1    | Entered Level 1 of the Orcish Mines
 33394 | Orc:1    | Found Udoret's Magic Scroll Shoppe.
 34008 | Orc:1    | Bought a scroll of brand weapon for 280 gold pieces
 34008 | Orc:1    | Bought a scroll of identify for 28 gold pieces
 34008 | Orc:1    | Bought a scroll of identify for 28 gold pieces
 34008 | Orc:1    | Identified 2 scrolls of acquirement
 34010 | Orc:1    | Acquired a +1 pair of gloves of hurling
 34902 | Orc:2    | Entered Level 2 of the Orcish Mines
 35036 | Orc:2    | Paralysed by an orc sorcerer for 6 turns
 35829 | Orc:2    | Found a staircase to the Elven Halls.
 36055 | Orc:2    | Noticed Nergalle
 36075 | Orc:2    | Killed Nergalle
 36088 | Orc:2    | Noticed Saint Roka
 37051 | Orc:1    | Reached XP level 14. HP: 79/134 MP: 12/15
 37367 | Orc:2    | HP: 4/134 [Saint Roka (18)]
 37369 | Orc:2    | Killed Saint Roka
 37369 | Orc:2    | Received a gift from Okawaru
 37370 | Orc:2    | Reached skill level 17 in Fighting
 38143 | Orc:2    | Found Qifet's Antique Weapon Boutique.
 38148 | Orc:2    | Found Xiud's Jewellery Boutique.
 38165 | Orc:2    | Found Xaidd's General Store.
 38174 | Orc:2    | Bought a scroll of identify for 26 gold pieces
 38300 | Orc:2    | Found Woibunynt's Antique Armour Boutique.
 38355 | Orc:2    | Bought a scroll of immolation for 45 gold pieces
 38496 | Orc:2    | Found a shimmering blue altar of Sif Muna.
 38872 | Orc:2    | Bought a distressingly furry plate armour for 812 gold
                  | pieces
 38872 | Orc:2    | Identified the +11 plate armour of the Cooper {-Cast rF-
                  | Dex+6} (You bought it in a shop on level 2 of the Orcish
                  | Mines)
 39071 | Lair:6   | Entered Level 6 of the Lair of Beasts
 39167 | Lair:6   | Reached skill level 10 in Shields
 39594 | Lair:6   | Identified the +2 robe of the Onion {Rampage Stlth+}
                  | (Okawaru gifted it to you on level 6 of the Lair of Beasts)
 39594 | Lair:6   | Received a gift from Okawaru
 40691 | Lair:6   | Found a viscous altar of Jiyva.
 40692 | Lair:6   | Found a staircase to the Slime Pits.
 41077 | Lair:6   | Reached skill level 18 in Fighting
 42781 | Lair:6   | Paralysed by a hornet for 2 turns
 43141 | Lair:6   | Acquired 978 gold pieces
 45640 | D:13     | Received a gift from Okawaru
 45650 | D:13     | Reached XP level 15. HP: 47/151 MP: 7/16
 46601 | D:14     | Found a runed translucent door.
 46601 | D:14     | Noticed a fire giant
 46601 | D:14     | Noticed a tengu reaver
 46624 | D:14     | Reached skill level 19 in Fighting
 46624 | D:14     | Reached skill level 1 in Stealth
 47322 | D:14     | Found a gate to the Vaults.
 47545 | D:14     | Noticed Josephine
 47562 | D:13     | Killed Josephine
 47807 | D:14     | Received a gift from Okawaru
 48084 | D:14     | Reached skill level 15 in Armour
 48517 | D:14     | Noticed Agnes
 48526 | D:14     | Killed Agnes
 49162 | D:15     | Entered Level 15 of the Dungeon
 49172 | D:15     | Found an ornate altar of the Wu Jian Council.
 49703 | D:15     | Found a staircase to the Depths.
 50459 | D:15     | Received a gift from Okawaru
 51015 | D:15     | Found a blossoming altar of Fedhas.
 52177 | D:15     | Reached skill level 20 in Fighting
 53498 | Swamp:1  | Entered Level 1 of the Swamp
 54037 | Lair:4   | HP: 7/155 [poisoned by a spriggan rider]
 54584 | Spider:1 | Entered Level 1 of the Spider Nest
 56795 | Spider:1 | Found a runed translucent door.
 56797 | Spider:1 | Noticed an emperor scorpion
 56799 | Spider:1 | Noticed IEatYoBabies's ghost (adept DjFE)
 56895 | Spider:1 | Reached XP level 16. HP: 57/165 MP: 16/18
 57491 | Orc:2    | Bought an amulet of faith for 720 gold pieces
 57873 | Spider:1 | Noticed Aizul
 57925 | Spider:1 | Killed Aizul
 58702 | Spider:1 | Identified the +9 falchion of the Slicing Ass {pain,
                  | *Corrode rC+++ rN+ Int+3}
 59090 | Spider:1 | Killed IEatYoBabies's ghost
 59857 | Spider:2 | Reached skill level 5 in Invocations
 61873 | Spider:2 | Received a gift from Okawaru
 61874 | Spider:2 | Reached skill level 1 in Throwing
 64550 | Spider:3 | Received a gift from Okawaru
 65150 | Spider:3 | Reached skill level 21 in Fighting
 65783 | Spider:3 | Found a transporter.
 65786 | Spider:3 | Noticed Efeguoh's ghost (adept SpEn)
 66387 | Spider:3 | Found a transporter.
 67685 | Spider:4 | Entered Level 4 of the Spider Nest
 71435 | Spider:4 | Received a gift from Okawaru
 71681 | Spider:4 | Reached XP level 17. HP: 121/173 MP: 0/21
 73961 | Spider:4 | Got a gossamer rune of Zot
 74594 | Spider:4 | Noticed an acid blob
 74620 | Spider:4 | Killed an acid blob
 78394 | Swamp:2  | Received a gift from Okawaru
 78434 | Swamp:2  | Reached skill level 22 in Fighting
 78808 | Swamp:2  | Paralysed by a fenstrider witch for 7 turns
 78821 | Swamp:2  | Received a gift from Okawaru
 80181 | Swamp:3  | Reached skill level 5 in Throwing
 84286 | Swamp:4  | Entered Level 4 of the Swamp
 85199 | Swamp:4  | Received a gift from Okawaru
 85340 | Swamp:4  | Cast into level 2 of the Abyss (a wizard)
 85543 | Abyss:2  | Quit the game

Illustrated notes

Levels and vault maps discovered:
D:1:      dpeg_arrival_connections, layout_basic,
          hellmonk_ecumenical_altar_arch_garden, st_stairs_1
D:2:      layout_loops_cross, uniq_jessica
D:3:      layout_loops_ring, chequers_temple_overflow_statue_of_worship
D:4:      layout_loops_corners, minmay_temple_entry_gardened_gates,
          ebering_ghost_sewer_f, minmay_cupped, uniq_grinder, uniq_robin,
          uniq_menkaure
D:5:      kennysheep_spiral_hall, layout_loops_corners, lemuel_tele_altar,
          hangedman_glass_teeth
D:6:      layout_loops_ring, mainiacjoe_overflow_surrounded_room,
          overflow_temple_1_default, serial_rivers,
          chequers_serial_rivers_micro_a, chequers_serial_rivers_large_a,
          chequers_serial_rivers_room_b, chequers_serial_rivers_micro_e,
          chequers_serial_rivers_micro_c
D:7:      layout_gridville, xom_confusion_cloud, serial_shops,
          nicolae_shop_bloodbath_and_beyond, chequers_serial_rivers_micro_c,
          minmay_puff, uniq_maggie, uniq_joseph, uniq_duvessa
D:8:      layout_loops_ring, makhleb_grotto_becter, uniq_erica
D:9:      minmay_the_grid_octo_triangle [minmay_the_grid_octo_focus,
          minmay_the_grid_octo_prize_square_snowflake, minmay_the_grid_octo_77],
          layout_gridville, enter_bailey_3, guppyfry_early_elven_hall,
          uniq_pikel
D:10:     layout_cave_pools, chequers_serial_rivers_micro_c
D:11:     layout_basic, erik_lair_orcish_takeover, david_orc_5, serial_shops,
          kennysheep_mini_moat, minivault_20
D:12:     layout_loops_ring
D:13:     layout_gridville
D:14:     layout_layer_cave, david_vaults_1, dk_noncrumbling_4,
          minmay_hidden_floor, uniq_agnes, uniq_josephine
D:15:     gammafunk_depths_entry_grave, layout_stronghold, fedhas_altar_3,
          nicolae_wu_jian_wuxing_cycle
Temple:   regret_index_temple_waves
Lair:1:   layout_cave_pods, infiniplex_staircase_pool_2
Lair:2:   layout_cave_pods, serial_forest, infiniplex_forest_zigzag_1,
          infiniplex_forest_lined_2, infiniplex_forest_clump_C,
          infiniplex_forest_clump_diagonal, infiniplex_forest_clump_medium,
          infiniplex_forest_clump_medium, beast_lair_carwin_4,
          grunt_megastairs_3
Lair:3:   layout_chaotic_city, uniq_snorg
Lair:4:   layout_loops_ring, minmay_swamp_entry_worms,
          nicolae_spider_entry_non_spiders, kilobyte_rumbling_trees
Lair:5:   layout_small_grid
Lair:6:   minmay_lair_end_enchanted_forest, layout_cave_pods, slime_altar_1,
          gauntlet_entry_generic, special_room [special_room_bee],
          grunt_megastairs_4
Swamp:1:  layout_falls_marsh, evilmike_swamp_ruin_rubble_1,
          infiniplex_staircase_pool
Swamp:2:  layout_basic_swamp, nicolae_swamp_trees_clearing
Swamp:3:  layout_basic_swamp, serial_swamp_ruin, evilmike_swamp_ruin_house_5,
          evilmike_swamp_ruin_house_2, hangedman_swamp_dais
Swamp:4:  nzn_swamp_witches_coven, layout_basic_swamp
Spider:1: nicolae_spider_jumping_over_cracks [nicolae_spider_jumping_sub_rim,
          nicolae_spider_jumping_sub_notch, nicolae_spider_jumping_sub_lanes,
          nicolae_spider_jumping_sub_plain], ebering_ghost_inner_flame,
          uniq_aizul
Spider:2: layout_chambers
Spider:3: layout_chambers, gammafunk_ghost_arena,
          hangedman_spider_tarantella_strand
Spider:4: floodkiller_spider_rune_tomb, nicolae_spider_acid_house
Orc:1:    layout_diamond_mine, serial_shops, shop
Orc:2:    grunt_orc_cross, layout_diamond_mine, kennysheep_orc_sif_temple
Abyss:2:  base: Gauntlet, hangedman_abyss_or_decor_lesser_grid

Skill      XL: |  1  2  3  4  5  6  7  8  9 10 11 12 13 14 15 16 17 |
---------------+----------------------------------------------------+-----
Axes           | 3 4 5 6 8 9 11 13 14 16 17 18 19 | 19.7
Fighting       | 4 5 6 7 9 11 12 14 16 18 20 21 22 | 22.5
Shields        | 4 5 6 7 8 9 10 11 12 | 12.7
Armour         | 4 5 6 7 8 9 10 11 13 14 15 16 | 16.0
Dodging        | 1 2 3 4 5 6 8 9 |  9.0
Evocations     | 1 |  1.3
Invocations    | 1 2 3 4 6 7 |  7.8
Stealth        | 1 3 4 |  4.1
Throwing       | 3 5 |  5.6

Action                   |  1- 3 |  4- 6 |  7- 9 | 10-12 | 13-15 | 16-18 || total
-------------------------+-------+-------+-------+-------+-------+-------++-------
Melee: War axe           |    72 |   121 |   274 |   706 |  1105 |   637 ||  2915
       Headbutt          |     6 |    17 |    52 |   154 |   386 |   251 ||   866
       Broad axe         |       |       |       |       |   331 |   380 ||   711
Throw: Javelin           |       |       |       |       |     3 |     2 ||     5
Invok: Heroism           |       |       |     1 |    15 |    20 |    12 ||    48
       Finesse           |       |       |       |     2 |    11 |     7 ||    20
Evoke: Wand              |       |       |       |     8 |     7 |     4 ||    19
  Use: Scroll            |       |     5 |     2 |     4 |    18 |     9 ||    38
       Potion            |       |     1 |     3 |     3 |     7 |       ||    14
 Stab: Sleeping          |       |       |       |       |       |     9 ||     9
       Distracted        |       |       |       |       |       |     2 ||     2
Armor: Scale mail        |    41 |    46 |   123 |   252 |       |       ||   462
       Plate armour      |       |       |       |    76 |   687 |       ||   763
       Leather armour    |       |       |       |       |   130 |   425 ||   555
Dodge: Dodged            |    35 |    49 |    93 |   288 |   498 |   529 ||  1492
Block: Buckler           |    16 |    18 |    59 |   174 |   374 |   325 ||   966

Table legend: (Time is in decaauts)
 A = Elapsed time spent in this place.
 B = Non-inter-level travel time spent in this place.
 C = Inter-level travel time spent in this place.
 D = Time resting spent in this place.
 E = Time spent auto-exploring this place.
 F = Levels seen in this place.
 G = Mean time per level.
                   A        B        C        D        E       F      G
               +--------+--------+--------+--------+--------+-----+--------+
         Total |  85090 |  80864 |   4226 |  51474 |  17564 |  33 | 2578.5 |
       Dungeon |  34832 |  32836 |   1996 |  18605 |   9321 |  15 | 2322.1 |
        Temple |    104 |     59 |     45 |      0 |     43 |   1 |  104.0 |
          Lair |  16492 |  15685 |    807 |   9807 |   4476 |   6 | 2748.7 |
         Swamp |   9571 |   9278 |    293 |   7087 |    826 |   4 | 2392.8 |
   Spider Nest |  18840 |  18114 |    726 |  12995 |   2161 |   4 | 4710.0 |
  Orcish Mines |   5049 |   4692 |    357 |   2941 |    707 |   2 | 2524.5 |
         Abyss |    199 |    199 |      0 |     38 |     29 |   1 |  199.0 |
               +--------+--------+--------+--------+--------+-----+--------+

Top non-repeatable levels by time:
Spider:4: 7442 daAuts
  Lair:4: 5367 daAuts
Spider:3: 4401 daAuts
 Swamp:3: 4358 daAuts
  Lair:6: 4071 daAuts
    D:11: 4037 daAuts
     D:9: 3948 daAuts
   Orc:2: 3847 daAuts
    D:15: 3804 daAuts
Spider:1: 3783 daAuts
Spider:2: 3213 daAuts
    D:10: 3024 daAuts
    D:14: 2776 daAuts
     D:7: 2624 daAuts
 Swamp:1: 2592 daAuts
